 Dungeon Crawl Stone Soup version 0.22.1-2-g9c5b331 (webtiles) character file.

13 MalarOregon the Chiller (level 2, 0/20 HPs)
             Began as a Merfolk Ice Elementalist on Nov 26, 2018.
             Slain by a jackal (1 damage)
             ... on level 1 of the Dungeon.
             The game lasted 00:01:09 (707 turns).

MalarOregon the Chiller (Merfolk Ice Elementalist)   Turns: 707, Time: 00:01:10

Health: 0/20       AC:  2    Str: 12    XL:     2   Next: 37%
Magic:  0/5        EV: 13    Int: 14    God:
Gold:   0          SH:  0    Dex: 14    Spells: 2/5 levels left

rFire    . . .     SeeInvis .   c - +0 dagger
rCold    . . .     Gourm    .   (no shield)
rNeg     . . .     Faith    .   a - +0 robe
rPois    .         Spirit   .   (no helmet)
rElec    .         Reflect  .   (no cloak)
rCorr    .         Harm     .   (no gloves)
MR       .....                  (no boots)
Stlth    ++........             (no amulet)
HPRegen  0.06/turn              d - +4 ring of strength
MPRegen  0.09/turn              (no ring)

@: very slightly contaminated
A: change form in water, swift swim, stealthy swim
a: no special abilities


You were on level 1 of the Dungeon.
You were not hungry.

You visited 1 branch of the dungeon, and saw 1 of its levels.

Inventory:

Hand Weapons
 c - a +0 dagger (weapon)
   (You took it off a goblin on level 1 of the Dungeon)
Armour
 a - a +0 robe (worn)
Jewellery
 d - a +4 ring of strength (left hand)
   (You found it on level 1 of the Dungeon)
Comestibles
 e - a ration {!d}


   Skills:
 + Level 0.6 Fighting
 + Level 0.3 Armour
 + Level 3.0 Dodging
 - Level 2.1 Stealth
 + Level 2.1 Spellcasting
 + Level 0.8 Conjurations
 + Level 3.4 Ice Magic


You had 2 spell levels left.
You knew the following spells:

 Your Spells              Type           Power        Failure   Level  Hunger
a - Freeze                Ice            ##..         5%          1    #......
x - Throw Frost           Conj/Ice       #.....       14%         2    ###....

Your spell library contained the following spells:

 Spells                   Type           Power        Failure   Level  Hunger
 Ozocubu's Armour         Chrm/Ice       #.......     34%         3    ###....
 Throw Icicle             Conj/Ice       #.......     67%         4    #####..
 Summon Ice Beast         Ice/Summ       #.......     75%         4    #####..


Dungeon Overview and Level Annotations

Branches:
Dungeon (1/15)

Altars:


Message History

* * * LOW HITPOINT WARNING * * *
The jackal barely misses you.
You barely miss the jackal.
A jackal comes into view.
The jackal bites you but does no damage.
Aim: a jackal (moderately wounded)
You freeze the jackal.
You kill the jackal!
Aim: a jackal You miscast Freeze.
You are very lightly contaminated with residual magic.
Nothing appears to happen.
The jackal barely misses you. The jackal closely misses you.
Aim: a jackal You freeze the jackal.
The jackal barely misses you.
All of the chunks of flesh in your inventory have rotted away.
Aim: a jackal (almost dead)
You freeze the jackal.
You kill the jackal!
You barely miss the jackal. The jackal misses you.
The jackal bites you but does no damage.
You closely miss the jackal. The jackal bites you.
* * * LOW HITPOINT WARNING * * *
Aim: a jackal You freeze the jackal.
The jackal completely misses you. The jackal bites you.
* * * LOW HITPOINT WARNING * * *
You hit the jackal but do no damage. The jackal bites you.
* * * LOW HITPOINT WARNING * * *
You hit the jackal. The jackal closely misses you.
You closely miss the jackal. The jackal bites you.
* * * LOW HITPOINT WARNING * * *
The jackal misses you.
You completely miss the jackal. The jackal closely misses you.
You barely miss the jackal. The jackal bites you.
* * * LOW HITPOINT WARNING * * *
A goblin comes into view.
The jackal bites you but does no damage.
Aim: a jackal (almost dead)
You freeze the jackal.
You kill the jackal!
Your Dodging skill increases to level 3!
You aren't carrying any potions.
Unknown command.
You barely miss the rat. The rat bites you.
* * * LOW HITPOINT WARNING * * *
You hit the rat. The rat misses you.
You hit the rat.
You kill the rat!
The jackal bites you.
You die...

###.......
........##.# #
##......##.# .#
#.h.....##.##.
#.#......
#.g......
#w####.##
#h####.#
#.@....##### #
#..###.....#
#.#..# #.###.###
.....###........
#.##.....###.##.
#.##.#..###
#...#.....#
#.#.....>..
#.##.####.# #


You could see a dart slug and a jackal.

Vanquished Creatures
  A bat (D:1)
  A hobgoblin (D:1)
  3 jackals (D:1)
  A frilled lizard (D:1)
  4 goblins (D:1)
  A rat (D:1)
11 creatures vanquished.

Notes
Turn   | Place    | Note
-------+----------+-------------------------------------------
     0 | D:1      | MalarOregon the Merfolk Ice Elementalist began the quest
                  | for the Orb.
     0 | D:1      | Reached XP level 1. HP: 13/13 MP: 3/3
   483 | D:1      | Reached XP level 2. HP: 9/20 MP: 3/5
   487 | D:1      | Learned a level 2 spell: Throw Frost
   704 | D:1      | HP: 1/20 [rat (2)]
   707 | D:1      | Slain by a jackal

Skill      XL: |  1  2 |
---------------+-------+-----
Dodging        | 3 |  3.0
Fighting       | |  0.6
Armour         | |  0.3
Stealth        | |  2.1
Spellcasting   | |  2.1
Conjurations   | |  0.8
Ice Magic      | |  3.4

Action                   || total
-------------------------++-------
Melee: Dagger            ||    26
       Unarmed           ||     5
 Cast: Freeze            ||    14
Armor: Robe              ||     4
Dodge: Dodged            ||    24
